AoeStats
← J6X16

Arabia

510015207Analyzed
1v1 RM · 4d ago on Sep 29, 2026· 51m 31s· 2 players
Game mode
Random Map
Map size
Tiny (2 player)
Population
200
Speed
Normal
Resources
Standard
Victory
Conquest
Starting age
Dark Age
Ending age
Imperial Age
RankedLock teamsTeams togetherTeam positionsShared explorationLock speedFull tech treeHidden civsTurbo modeCheats
Victory
Defeat
🇨🇱 Japanese · Chile
798
+16
🇺🇸 Japanese · United States
788
-16
J6X16
3:36 Loom
7:29 Loom
10:05 Feudal Age
11:24 Horse Collar
11:32 Double-Bit Axe
11:17 Man-at-Arms
16:27 Bloodlines
32:47 Castle Age
36:21 Squires
38:25 Pikeman
38:54 Gambesons
38:29 Long Swordsman
a4rkangel
8:06 Loom
11:15 Feudal Age
11:26 Man-at-Arms
14:22 Arson
19:06 Forging
25:06 Castle Age
23:43 Scale Mail Armor
24:01 Gold Mining
26:21 Iron Casting
25:19 Long Swordsman
29:16 Stone Mining
31:01 Gold Shaft Mining
31:03 Squires
31:30 Bloodlines
31:12 Double-Bit Axe
34:12 Chain Mail Armor
36:24 Fletching
36:24 Horse Collar
37:30 Heavy Plow
38:38 Scale Barding Armor
42:00 Bow Saw
45:06 Bodkin Arrow
47:53 Imperial Age
45:59 Wheelbarrow
47:48 Fortified Wall
47:36 Murder Holes
52:57 Two-Man Saw
Connection lost

Rejoining the realm…

Still unreachable

The connection could not be restored.

Session expired

The server has moved on; the page needs a fresh start.